[Event "Titled Tuesday Blitz October 04 Early 2022"]
[White "Lazavik, Denis"]
[Black "Boros, Denes"]
[WhiteFideId "13515110"]
[BlackFideId "722340"]
[WhiteElo "2437"]
[BlackElo "2464"]
[Result "1-0"]
[Round "03"]
[TimeControl "180+1"]
[Date "2022.10.04"]
[WhiteClock "0:00:05"]
[BlackClock "0:00:04"]

1. d4 d5 2. c4 e6 3. Nc3 Nf6 4. cxd5 exd5 5. Bg5 c6 6. e3 Nbd7 7. Bd3 h6 8. Bf4 Bb4 9. h3 Nb6 10. Nf3 Ne4 11. Qc2 Nxc3 12. bxc3 Bd6 13. Bxd6 Qxd6 14. O-O O-O 15. a4 c5 16. a5 Nd7 17. Qb2 Nf6 18. Qa3 Be6 19. dxc5 Qe7 20. Nd4 Rfc8 21. a6 bxa6 22. c6 Qd8 23. Bxa6 Rc7 24. Bb7 Rb8 25. Nb5 Rcxb7 26. cxb7 Rxb7 27. Nd4 Ne4 28. Qa5 Qf6 29. f3 Nd2 30. Rf2 Nc4 31. Qc5 Kh7 32. Re1 Nb2 33. Rd2 Qg6 34. Nxe6 fxe6 35. Qd4 a5 36. e4 a4 37. exd5 exd5 38. Qxd5 Rb6 39. Qc5 a3 40. Qxa3 Nc4 41. Qc1 Nxd2 42. Qxd2 Rc6 43. Rc1 Qe6 44. Qc2+ Kh8 45. Kh1 Rc4 46. Qd3 Rh4 47. Qf1 Rc4 48. Qf2 Qe5 49. Qd2 Qf5 50. Rd1 Qc5 51. Qd8+ Kh7 52. Qd3+ Kh8 53. Re1 Qc8 54. Qg6 1-0


[Site "https://www.chess.com"]

[Event "Titled Tuesday Blitz October 04 Early 2022"]
[White "Martinez Alcantara, Jose Eduardo"]
[Black "Fawzy, Adham"]
[WhiteFideId "3805662"]
[BlackFideId "10613129"]
[WhiteElo "2703"]
[BlackElo "2541"]
[Result "1-0"]
[Round "03"]
[TimeControl "180+1"]
[Date "2022.10.04"]
[WhiteClock "0:00:36"]
[BlackClock "0:00:01"]

1. e4 c5 2. Nf3 Nc6 3. c3 Nf6 4. Bd3 g6 5. Bc2 Bg7 6. O-O O-O 7. h3 e5 8. d3 d5 9. Bg5 h6 10. Bxf6 Bxf6 11. exd5 Qxd5 12. Nbd2 Bg7 13. Qe2 Kh7 14. Rfe1 f5 15. Nc4 Re8 16. Bb3 Qd8 17. Rad1 a6 18. d4 cxd4 19. cxd4 e4 20. Nfe5 Be6 21. Qe3 Nb4 22. Qg3 g5 23. h4 b5 24. Nd2 Qxd4 25. Bxe6 Rxe6 26. Nxe4 Qxb2 27. Rd7 f4 28. Nxg5+ hxg5 29. Qxg5 Rg8 30. Qf5+ Kh8 31. Nf7# 1-0


[Site "https://www.chess.com"]

[Event "Titled Tuesday Blitz October 04 Early 2022"]
[White "Mihajlov, Sebastian"]
[Black "Beerdsen, Thomas"]
[WhiteFideId "1512110"]
[BlackFideId "1030108"]
[WhiteElo "2464"]
[BlackElo "2567"]
[Result "0-1"]
[Round "03"]
[TimeControl "180+1"]
[Date "2022.10.04"]
[WhiteClock "0:00:04"]
[BlackClock "0:00:09"]

1. e4 e5 2. Nf3 Nc6 3. Bc4 Nf6 4. d4 exd4 5. O-O Nxe4 6. Re1 d5 7. Bxd5 Qxd5 8. Nc3 Qh5 9. Nxe4 Be6 10. Bg5 Bd6 11. Nxd6+ cxd6 12. Bf4 Qd5 13. c3 O-O-O 14. Nxd4 Nxd4 15. Qxd4 Qxd4 16. cxd4 Kd7 17. d5 Bf5 18. f3 Rc8 19. Rac1 Rhe8 20. Rxe8 Rxe8 21. Kf2 Bd3 22. Be3 Re5 23. Bd4 Re2+ 24. Kg3 g5 25. Bxa7 h5 26. h4 gxh4+ 27. Kxh4 Rxb2 28. Bb8 Bg6 29. a4 Rb4+ 30. Kg5 Rxa4 31. Rc7+ Kd8 32. Rc3 Rd4 33. Bc7+ Ke7 34. Re3+ Kd7 35. Bb8 Rxd5+ 36. Kf6 Rf5+ 37. Kg7 b5 38. Kf8 b4 39. Re7+ Kc6 40. Rc7+ Kd5 41. Rb7 Rf4 42. Rb6 Rc4 43. Bxd6 b3 44. Be7 Bc2 45. Kxf7 Rd4 46. Bf6 Rd2 47. Ke7 Rxg2 48. Rd6+ Kc5 49. Rd8 Rg3 50. Rc8+ Kd5 51. f4 Re3+ 52. Kf7 Rf3 53. Rd8+ Ke4 54. Be5 h4 55. Rh8 h3 56. Ke6 Ke3 57. Kd6 Kd2 58. Rb8 h2 59. Rh8 Rf2 60. f5 Bxf5 61. Bxh2 b2 62. Rb8 b1=Q 63. Rxb1 Bxb1 64. Bg1 Rf1 65. Bd4 Kd3 66. Kd5 Rf5+ 67. Be5 Ba2+ 68. Kd6 Ke4 69. Bb2 Rd5+ 70. Kc6 Kd3 71. Ba3 Kc4 72. Bc5 Bb3 0-1


[Site "https://www.chess.com"]

[Event "Titled Tuesday Blitz October 04 Early 2022"]
[White "Milikow, Yoav"]
[Black "Bacrot, Etienne"]
[WhiteFideId "2822237"]
[BlackFideId "605506"]
[WhiteElo "2341"]
[BlackElo "2666"]
[Result "0-1"]
[Round "03"]
[TimeControl "180+1"]
[Date "2022.10.04"]
[WhiteClock "0:00:04"]
[BlackClock "0:00:11"]

1. d4 d5 2. c4 e6 3. Nc3 Be7 4. cxd5 exd5 5. Bf4 c6 6. e3 Bf5 7. Nge2 Nd7 8. Ng3 Bg6 9. Rc1 h5 10. h4 Bxh4 11. Qb3 Bxg3 12. Bxg3 Qb6 13. Qa3 Ngf6 14. Be2 a5 15. Bd6 Ne4 16. Nxe4 Bxe4 17. Rxh5 Rxh5 18. Bxh5 Bxg2 19. Be2 Be4 20. f3 Bf5 21. Kf2 f6 22. Bd3 Bxd3 23. Qxd3 O-O-O 24. b4 axb4 25. Qb3 Nb8 26. Qxd5 Nd7 27. Qe6 Rh8 28. Bg3 Qa6 29. Qd6 Kd8 30. Qc7+ Ke7 31. Rc2 Rh1 32. Qd6+ Kd8 33. Qc7+ Ke8 34. Re2 Qd3 35. Bd6 Qf5 36. Qc8+ Kf7 37. e4 Qh3 38. e5 Rf1+ 39. Ke3 Rxf3+ 40. Kd2 Rd3+ 41. Kc2 Rc3+ 42. Kb2 Qe6 43. d5 cxd5 44. Rh2 Rxc8 45. Rh8 Rxh8 0-1


[Site "https://www.chess.com"]

[Event "Titled Tuesday Blitz October 04 Early 2022"]
[White "Mitrabha, Guha"]
[Black "Ohanyan, Emin"]
[WhiteFideId "5057000"]
[BlackFideId "13312022"]
[WhiteElo "2526"]
[BlackElo "2302"]
[Result "0-1"]
[Round "03"]
[TimeControl "180+1"]
[Date "2022.10.04"]
[WhiteClock "0:00:13"]
[BlackClock "0:00:02"]

1. Nf3 d5 2. b3 Nf6 3. Bb2 Bf5 4. g3 e6 5. Bg2 Nbd7 6. O-O Bd6 7. d3 Bg6 8. Nbd2 e5 9. Nh4 c6 10. e4 O-O 11. Nxg6 hxg6 12. exd5 cxd5 13. c4 Nc5 14. Qe2 d4 15. Ba3 Nfd7 16. Rab1 a5 17. h4 Ra6 18. Bd5 Qc7 19. Kg2 Nf6 20. Bf3 Re8 21. Bxc5 Bxc5 22. Rh1 Bb4 23. Ne4 Nxe4 24. Bxe4 f5 25. Bd5+ Kf8 26. h5 g5 27. Qf3 Rf6 28. Qe2 e4 29. dxe4 f4 30. Qg4 Qe5 31. Rbd1 Bc5 32. Rd3 Ke7 33. Rg1 Ref8 34. f3 fxg3 35. Kf1 Rf4 36. Qxg3 g4 37. Ke1 Bd6 38. Qh4+ Kd7 39. Rxg4 Rxf3 40. Rxf3 Rxf3 41. Rg5 Re3+ 42. Kd1 Qf6 43. Qg4+ Kd8 44. Rf5 Qh6 45. Qg5+ Qxg5 46. Rxg5 Bb4 47. Rxg7 d3 48. Rg1 d2 0-1


[Site "https://www.chess.com"]

[Event "Titled Tuesday Blitz October 04 Early 2022"]
[White "Moroni, Luca Jr"]
[Black "Tsaruk, Maksim"]
[WhiteFideId "865834"]
[BlackFideId "13511173"]
[WhiteElo "2573"]
[BlackElo "2273"]
[Result "0-1"]
[Round "03"]
[TimeControl "180+1"]
[Date "2022.10.04"]
[WhiteClock "0:00:18"]
[BlackClock "0:00:20"]

1. d4 Nf6 2. Bf4 d5 3. e3 e6 4. Nf3 Bd6 5. Nbd2 O-O 6. Bd3 Bxf4 7. exf4 c5 8. dxc5 Qc7 9. g3 Qxc5 10. O-O Nc6 11. Qe2 Bd7 12. c3 a5 13. Nb3 Qb6 14. Nbd4 Nxd4 15. Nxd4 a4 16. a3 Bc6 17. h4 Ne4 18. Rfe1 Nd6 19. Rad1 Rfe8 20. h5 h6 21. Rd2 Qd8 22. Qe5 f6 23. Qe2 e5 24. Nxc6 bxc6 25. Bg6 Re7 26. fxe5 fxe5 27. Qg4 Nc4 28. Rde2 e4 29. Kg2 Ne5 30. Qh3 Qd6 31. Bf5 Rf8 32. g4 Nd3 33. Qe3 Nxe1+ 34. Rxe1 Kh8 35. Re2 c5 36. Rd2 Qc6 37. Kg1 Rd8 38. g5 hxg5 39. Qxg5 Qf6 40. Qg4 Re5 41. Bg6 Rg5 0-1


[Site "https://www.chess.com"]

[Event "Titled Tuesday Blitz October 04 Early 2022"]
[White "Nakamura, Hikaru"]
[Black "Csonka, Balazs"]
[WhiteFideId "2016192"]
[BlackFideId "742910"]
[WhiteElo "2909"]
[BlackElo "2404"]
[Result "1-0"]
[Round "03"]
[TimeControl "180+1"]
[Date "2022.10.04"]
[WhiteClock "0:01:41"]
[BlackClock "0:00:09"]

1. g3 Nf6 2. Bg2 d5 3. Nf3 c5 4. O-O Nc6 5. d4 e6 6. c4 dxc4 7. Qa4 Bd7 8. dxc5 Bxc5 9. Qxc4 Qe7 10. Bg5 Bb6 11. Nc3 h6 12. Qh4 O-O-O 13. Bxf6 Qxf6 14. Qxf6 gxf6 15. Ne4 Kc7 16. Nxf6 Bc8 17. e3 Bc5 18. Rfc1 Be7 19. Ng4 Kb8 20. Rxc6 bxc6 21. Nfe5 Bb7 22. Nxf7 h5 23. Nge5 Bf6 24. Nxd8 Rxd8 25. Nxc6+ Bxc6 26. Bxc6 Rd2 27. h4 Rxb2 28. Bf3 Rxf2 29. Kxf2 Bxa1 30. Bxh5 Kc7 31. g4 Kd6 32. g5 Ke5 33. Bg6 1-0


[Site "https://www.chess.com"]

[Event "Titled Tuesday Blitz October 04 Early 2022"]
[White "Ozen, Bahadir"]
[Black "Kevlishvili, Robby"]
[WhiteFideId "6337058"]
[BlackFideId "1040634"]
[WhiteElo "2503"]
[BlackElo "2585"]
[Result "0-1"]
[Round "03"]
[TimeControl "180+1"]
[Date "2022.10.04"]
[WhiteClock "0:00:16"]
[BlackClock "0:00:15"]

1. d4 d5 2. Nf3 e6 3. c4 Nf6 4. Nc3 Nbd7 5. Bf4 dxc4 6. e3 Nb6 7. Bxc4 Nxc4 8. Qa4+ Bd7 9. Qxc4 Bd6 10. Bg3 O-O 11. O-O Bc6 12. Ne5 Bxe5 13. Bxe5 Rc8 14. Rac1 a6 15. Rfd1 Nd5 16. Nxd5 Bxd5 17. Qb4 Qg5 18. Bg3 h5 19. h4 Qg6 20. Qe1 Bxa2 21. Rxc7 Rxc7 22. Bxc7 Rc8 23. Rc1 Bd5 24. Bg3 Rxc1 25. Qxc1 Bc6 26. Kh2 a5 27. f3 Qd3 28. Bf2 Qe2 29. Kg1 a4 30. e4 Kh7 31. Qg5 Qxb2 32. Qxh5+ Kg8 33. Qg5 a3 34. Bg3 Qxd4+ 35. Kh2 f6 36. Qg4 Bd7 37. h5 a2 38. h6 f5 39. Qg5 a1=Q 40. e5 Qxe5 41. Qd8+ Kh7 42. Qxd7 f4 43. Bh4 Qh5 44. Qd3+ Qg6 0-1


[Site "https://www.chess.com"]

[Event "Titled Tuesday Blitz October 04 Early 2022"]
[White "Paravyan, David"]
[Black "Nouri, Alekhine"]
[WhiteFideId "4194985"]
[BlackFideId "5216184"]
[WhiteElo "2555"]
[BlackElo "2151"]
[Result "1-0"]
[Round "03"]
[TimeControl "180+1"]
[Date "2022.10.04"]
[WhiteClock "0:00:04"]
[BlackClock "0:00:04"]

1. e4 c5 2. Nf3 d6 3. d4 cxd4 4. Nxd4 Nf6 5. Nc3 a6 6. Bg5 e6 7. f4 h6 8. Bh4 Qb6 9. Qd2 Qxb2 10. Rb1 Qa3 11. e5 dxe5 12. fxe5 Nfd7 13. Ne4 Qxa2 14. Rd1 Qd5 15. Qe3 Qa5+ 16. c3 Nxe5 17. Nb3 Qc7 18. Rd8+ Qxd8 19. Bxd8 Kxd8 20. Qd4+ Nbd7 21. Nd6 f6 22. Be2 Kc7 23. Nxc8 Rxc8 24. O-O Be7 25. Rb1 Rhd8 26. Qe3 g5 27. Kf1 f5 28. Nd4 Bc5 29. Nxe6+ Kd6 30. Nxc5 Rxc5 31. Rxb7 Rdc8 32. c4 R8c7 33. Qd4+ Ke7 34. Rb1 Nxc4 35. Bxc4 Rxc4 36. Qg7+ Ke6 37. Re1+ Re4 38. Qxh6+ Nf6 39. Rxe4+ fxe4 40. Qxg5 Nd5 41. Qg4+ Ke5 42. Qg3+ Kd4 43. Qa3 Ne3+ 44. Kg1 Rc2 45. Qa4+ Kd3 46. Qxa6+ Kd4 47. Qb6+ Kd3 48. Qb5+ Kd4 49. Qb6+ Kd3 50. Qd6+ Kc4 51. Qe6+ Kd4 52. Qd7+ Kc4 53. Qf7+ Kd3 54. Qd7+ Ke2 55. h4 Rc1+ 56. Kh2 Rc3 57. g3 Nf1+ 58. Kh1 Nxg3+ 59. Kg2 Nf1 60. Qg4+ Rf3 61. Qxe4+ Ne3+ 62. Kg1 Rg3+ 63. Kh2 Rg4 64. Qe7 Rg2+ 65. Kh3 Rg1 66. h5 Kf2 67. Qf7+ Ke2 68. Qa2+ Kf3 69. Qa8+ Kf2 70. Qf8+ Ke2 71. h6 Rh1+ 72. Kg3 Rg1+ 73. Kh2 Rg2+ 74. Kh3 Rg1 75. Qg7 Rh1+ 76. Kg3 Nf5+ 77. Kg2 Ne3+ 78. Kxh1 1-0


[Site "https://www.chess.com"]

[Event "Titled Tuesday Blitz October 04 Early 2022"]
[White "Rozman, Levy"]
[Black "Le, Tuan Minh"]
[WhiteFideId "2039877"]
[BlackFideId "12401153"]
[WhiteElo "2376"]
[BlackElo "2530"]
[Result "0-1"]
[Round "03"]
[TimeControl "180+1"]
[Date "2022.10.04"]
[WhiteClock "0:00:03"]
[BlackClock "0:00:18"]

1. e4 c5 2. a3 g6 3. Nc3 Bg7 4. Bc4 e6 5. d3 a6 6. Ba2 Nc6 7. h4 h6 8. h5 g5 9. f4 gxf4 10. Bxf4 d6 11. Nf3 Nf6 12. Qd2 e5 13. Bg3 Be6 14. Nd5 Bxd5 15. exd5 Ne7 16. Nh4 Qd7 17. Qe2 Qg4 18. Qxg4 Nxg4 19. Ke2 Nf6 20. Raf1 Nxh5 21. Rh3 Nf4+ 22. Bxf4 exf4 23. b4 cxb4 24. axb4 Be5 25. Kd2 a5 26. b5 Rc8 27. c4 Rg8 28. Rf2 a4 29. Nf3 Bg7 30. Nh4 Bf6 31. Nf3 Rg6 32. Re2 Kf8 33. d4 a3 34. Bb1 Rxc4 35. Bxg6 fxg6 36. Kd3 Ra4 37. Ra2 Nxd5 38. Ke4 0-1


[Site "https://www.chess.com"]

[Event "Titled Tuesday Blitz October 04 Early 2022"]
[White "Samunenkov, Ihor"]
[Black "Bluebaum, Matthias"]
[WhiteFideId "14187086"]
[BlackFideId "24651516"]
[WhiteElo "2441"]
[BlackElo "2633"]
[Result "0-1"]
[Round "03"]
[TimeControl "180+1"]
[Date "2022.10.04"]
[WhiteClock "0:00:01"]
[BlackClock "0:00:22"]

1. e4 e6 2. d4 d5 3. Nd2 c5 4. exd5 Qxd5 5. Ngf3 cxd4 6. Bc4 Qd6 7. O-O Nf6 8. Nb3 Nc6 9. Nbxd4 Nxd4 10. Nxd4 Be7 11. c3 O-O 12. Re1 Qc7 13. Bf1 b6 14. g3 Bb7 15. Bf4 Qc8 16. Bh3 Re8 17. Qe2 Bf8 18. Rad1 Qc5 19. Qe5 Nd5 20. Bc1 Rad8 21. Bg2 Qc8 22. Qe2 Ne7 23. Bxb7 Qxb7 24. Qf3 Qxf3 25. Nxf3 Nc6 26. Bg5 f6 27. Rxd8 Nxd8 28. Be3 e5 29. Rd1 Nc6 30. Rd7 Re7 31. Rd5 Kf7 32. c4 Ke6 33. Kf1 Rd7 34. Rxd7 Kxd7 35. Ke2 f5 36. a3 h6 37. h4 g6 38. b4 Bg7 39. b5 Na5 40. c5 Nc4 41. a4 Kc7 42. cxb6+ axb6 43. Nd2 Nb2 44. a5 bxa5 45. b6+ Kb7 46. Nb3 Nc4 47. Kd3 Nxe3 48. fxe3 Kxb6 49. e4 Kb5 50. h5 Kb4 0-1


[Site "https://www.chess.com"]

[Event "Titled Tuesday Blitz October 04 Early 2022"]
[White "Saydaliev, Saidakbar"]
[Black "Sarana, Alexey"]
[WhiteFideId "14203693"]
[BlackFideId "24133795"]
[WhiteElo "2276"]
[BlackElo "2689"]
[Result "1-0"]
[Round "03"]
[TimeControl "180+1"]
[Date "2022.10.04"]
[WhiteClock "0:00:44"]
[BlackClock "0:00:01"]

1. e4 c5 2. Nf3 d6 3. Bb5+ Nd7 4. Ba4 Nf6 5. O-O e6 6. d3 Be7 7. c4 O-O 8. Nc3 Ne5 9. Nxe5 dxe5 10. Be3 Bd7 11. Rb1 a6 12. a3 Rb8 13. Bxd7 Qxd7 14. b4 cxb4 15. axb4 Rfd8 16. Qb3 Ng4 17. Bb6 Rdc8 18. h3 Nf6 19. Rfd1 Nh5 20. g3 Nf6 21. b5 h5 22. Ba7 Ra8 23. Be3 h4 24. g4 Qe8 25. Na4 axb5 26. cxb5 Nd7 27. Rdc1 Qd8 28. Rc4 Bg5 29. Bxg5 Qxg5 30. Qb4 Rxc4 31. dxc4 Qf4 32. c5 Rc8 33. c6 bxc6 34. b6 Qf3 35. Rb3 Qd1+ 36. Kg2 c5 37. Qc4 Rb8 38. Rd3 Qe2 39. Nc3 Nxb6 40. Rd8+ Rxd8 41. Qxe2 c4 42. Qb2 Nd7 43. Qd2 Kf8 44. Qd6+ Ke8 45. Nb5 Rc8 46. Qb4 Rb8 47. Qxc4 Kd8 48. Qc7+ Ke7 49. Qd6+ 1-0


[Site "https://www.chess.com"]

[Event "Titled Tuesday Blitz October 04 Early 2022"]
[White "Srihari L R"]
[Black "Timofeev, Artyom"]
[WhiteFideId "46617116"]
[BlackFideId "4140419"]
[WhiteElo "2336"]
[BlackElo "2579"]
[Result "1/2-1/2"]
[Round "03"]
[TimeControl "180+1"]
[Date "2022.10.04"]
[WhiteClock "0:00:13"]
[BlackClock "0:00:14"]

1. Nf3 Nf6 2. d4 g6 3. Bg5 Bg7 4. Nbd2 O-O 5. c3 d6 6. e4 Nc6 7. Bd3 e5 8. O-O h6 9. Bxf6 Qxf6 10. dxe5 dxe5 11. h3 Rd8 12. Qe2 a6 13. a4 h5 14. Nc4 Be6 15. Ne3 Bh6 16. Nd5 Bxd5 17. exd5 Rxd5 18. Be4 Rd6 19. Bxc6 Rxc6 20. Qxe5 Bg7 21. Qxf6 Bxf6 22. Rfe1 a5 23. Rad1 Rb6 24. Re2 Kf8 25. Rd7 Re8 26. Red2 Re7 27. R7d5 Ra6 28. Kf1 c6 29. Rc5 Re6 30. g4 hxg4 31. hxg4 b6 32. Rc4 b5 33. Rf4 Rb6 34. axb5 cxb5 35. Rd5 a4 36. g5 Be7 37. Nd4 Red6 38. Rxb5 Rxd4 39. Rxf7+ Kxf7 40. Rxb6 Rd5 41. f4 Rf5 42. Ke2 Rxf4 43. Rb7 Rf5 44. Ra7 a3 45. b4 Rxg5 46. Rxa3 Ke6 47. Ra6+ Bd6 48. c4 Kd7 49. c5 Bc7 50. Kd3 Rg4 51. b5 g5 52. Ra7 Kc8 53. b6 Bxb6 54. cxb6 Rb4 55. Rg7 Rxb6 56. Rxg5 Rd6+ 57. Kc4 Rd7 58. Rc5+ Rc7 59. Rxc7+ Kxc7 1/2-1/2


[Site "https://www.chess.com"]

[Event "Titled Tuesday Blitz October 04 Early 2022"]
[White "Tang, Andrew"]
[Black "Bazeev, German"]
[WhiteFideId "2059630"]
[BlackFideId "24119350"]
[WhiteElo "2581"]
[BlackElo "2493"]
[Result "1-0"]
[Round "03"]
[TimeControl "180+1"]
[Date "2022.10.04"]
[WhiteClock "0:00:06"]
[BlackClock "0:00:08"]

1. d4 Nf6 2. Nf3 e6 3. Bf4 b6 4. e3 Bb7 5. Nbd2 Bd6 6. Ne5 Nc6 7. c3 h6 8. Bd3 Bxe5 9. dxe5 Nd5 10. Bg3 Nde7 11. Nf3 Nf5 12. Bxf5 exf5 13. Qd3 g6 14. Bh4 g5 15. Bg3 Ne7 16. O-O-O Be4 17. Qc4 b5 18. Qxb5 Rb8 19. Qc4 Qc8 20. Rd2 Qb7 21. Rhd1 Rg8 22. Nd4 Rg6 23. f3 Bd5 24. Qd3 Bxa2 25. Nxf5 Nxf5 26. Qxd7+ Kf8 27. Qxf5 Be6 28. Rd8+ Kg7 29. Rxb8 Qxb8 30. Qe4 Qb3 31. Qb4 Qa2 32. Qa3 Qc4 33. Qxa7 g4 34. Qd4 Qe2 35. Qd2 Qa6 36. Qd3 Qa1+ 37. Qb1 Qa4 38. f4 Bb3 39. f5 Bxd1 40. fxg6 fxg6 41. e6 Bb3 42. e7 Bf7 43. Qd3 Qa1+ 44. Kc2 Qa4+ 45. Kd2 Qe8 46. Qd4+ Kg8 47. Qf6 Kh7 48. Be5 g5 49. Qg7# 1-0


[Site "https://www.chess.com"]

[Event "Titled Tuesday Blitz October 04 Early 2022"]
[White "Tristan, Leonardo"]
[Black "Galchenko, Matvey"]
[WhiteFideId "113816"]
[BlackFideId "24175480"]
[WhiteElo "2446"]
[BlackElo "2423"]
[Result "1-0"]
[Round "03"]
[TimeControl "180+1"]
[Date "2022.10.04"]
[WhiteClock "0:00:07"]
[BlackClock "0:00:03"]

1. d4 Nf6 2. Nf3 c5 3. c3 g6 4. Bf4 Bg7 5. e3 b6 6. Nbd2 O-O 7. h3 d6 8. a4 cxd4 9. exd4 Nc6 10. Be2 Re8 11. O-O e5 12. dxe5 dxe5 13. Bh2 Qc7 14. Nc4 Ne4 15. Qc2 f5 16. Rfd1 Be6 17. Ne3 Rad8 18. Bc4 Bxc4 19. Nxc4 h6 20. Qb3 Kh7 21. Qb5 Nc5 22. a5 Nxa5 23. Rxd8 Rxd8 24. Ncxe5 Nab3 25. Re1 Qb7 26. Qc4 Nd2 27. Qh4 Nxf3+ 28. Nxf3 Qd7 29. Be5 Ne4 30. Bxg7 Kxg7 31. Nd4 Re8 32. Qf4 Nf6 33. Re5 Rxe5 34. Qxe5 Kf7 35. Qb8 Kg7 36. Qa8 Nd5 37. Nc6 a5 38. Ne5 Qe6 39. Qb7+ Ne7 40. Qc7 Kf6 41. Nd7+ Kg7 42. Nxb6 h5 43. c4 Kh6 44. Qf4+ g5 45. Qd4 Qe1+ 46. Kh2 Qe6 47. Nd7 f4 48. Qh8+ Kg6 49. Nf8+ 1-0


[Site "https://www.chess.com"]

[Event "Titled Tuesday Blitz October 04 Early 2022"]
[White "Van Foreest, Lucas"]
[Black "Guzman, Christopher"]
[WhiteFideId "1039792"]
[BlackFideId "6405096"]
[WhiteElo "2509"]
[BlackElo "2272"]
[Result "0-1"]
[Round "03"]
[TimeControl "180+1"]
[Date "2022.10.04"]
[WhiteClock "0:00:23"]
[BlackClock "0:00:46"]

1. e4 c6 2. Qg4 d5 3. Qh4 dxe4 4. Nc3 Nf6 5. d3 exd3 6. Bxd3 e6 7. Bg5 Be7 8. O-O-O Nd5 9. Nf3 h6 10. Bxe7 Qxe7 11. Qg3 O-O 12. Ne4 Nd7 13. Rhe1 Nc5 14. Nxc5 Qxc5 15. Ne5 Nb4 16. a3 Nxd3+ 17. Rxd3 f6 18. Ng6 Re8 19. f4 b6 20. Red1 e5 21. Rd8 Bf5 22. Rxe8+ Rxe8 23. Qb3+ Be6 24. Qd3 exf4 25. Nxf4 Bf5 26. Qd2 Qe3 27. Qxe3 Rxe3 28. Rd8+ Kf7 29. Ra8 Re7 30. Kd2 g5 31. Nh5 c5 32. Ng3 Bg6 33. c3 f5 34. Nf1 f4 35. h3 Be4 36. Rd8 Bxg2 37. Nh2 Bxh3 38. Nf3 Bf5 39. Rh8 Kg7 40. Ra8 Be4 0-1


[Site "https://www.chess.com"]

[Event "Titled Tuesday Blitz October 04 Early 2022"]
[White "Vignesh, N R"]
[Black "Jones, Gawain C B"]
[WhiteFideId "25012215"]
[BlackFideId "409561"]
[WhiteElo "2386"]
[BlackElo "2657"]
[Result "0-1"]
[Round "03"]
[TimeControl "180+1"]
[Date "2022.10.04"]
[WhiteClock "0:01:29"]
[BlackClock "0:01:25"]

1. e4 e5 2. Nf3 Nc6 3. Bb5 a6 4. Ba4 Nf6 5. O-O d6 6. Re1 Bd7 7. c3 g6 8. d4 Bg7 9. h3 O-O 10. Nbd2 exd4 11. cxd4 Nb4 12. Bxd7 Qxd7 13. Qb3 c5 14. a3 Nc6 15. Nc4 Rae8 16. d5 Nd4 17. Nxd4 cxd4 18. Bf4 Rxe4 19. Bxd6 Rfe8 20. Rxe4 Nxe4 21. Qb6 d3 22. Re1 Nxd6 0-1


[Site "https://www.chess.com"]

[Event "Titled Tuesday Blitz October 04 Early 2022"]
[White "Yanchenko, Roman"]
[Black "Andreikin, Dmitry"]
[WhiteFideId "4137329"]
[BlackFideId "4158814"]
[WhiteElo "2514"]
[BlackElo "2736"]
[Result "0-1"]
[Round "03"]
[TimeControl "180+1"]
[Date "2022.10.04"]
[WhiteClock "0:00:08"]
[BlackClock "0:01:27"]

1. d4 d5 2. c4 e6 3. Nc3 c5 4. e3 Nf6 5. Nf3 a6 6. dxc5 Bxc5 7. a3 O-O 8. b4 Be7 9. Bb2 dxc4 10. Bxc4 b5 11. Be2 Bb7 12. O-O Nbd7 13. Rc1 Nb6 14. Qd4 Rc8 15. Rfd1 Qxd4 16. Nxd4 Nc4 17. Bxc4 Rxc4 18. Nb3 Ba8 19. Na5 Rc7 20. Ne2 Rfc8 21. Rxc7 Rxc7 22. Be5 Rc8 23. f3 h5 24. e4 h4 25. h3 Kh7 26. Rc1 Rxc1+ 27. Nxc1 Nd7 28. Bd4 f5 29. exf5 exf5 30. Nd3 g5 31. Nb3 Bb7 32. Nbc5 Nxc5 33. Nxc5 Bc8 34. f4 g4 35. Kf2 Kg6 36. Ke3 Kf7 37. Be5 g3 38. Bd4 Bxc5 39. bxc5 Bb7 40. Bc3 Bxg2 41. Ba5 Ke8 42. Bc3 Ke7 43. Bg7 Bxh3 44. Bh6 Kd7 45. Bg5 Kc6 46. Bxh4 g2 47. Bf2 Kxc5 48. Kf3+ Kc4 49. Kg3 a5 50. Kxh3 b4 51. axb4 axb4 52. Kxg2 b3 53. Kh3 b2 54. Kh4 b1=Q 55. Kg5 Kd5 56. Kf6 Ke4 57. Kg5 Qf1 0-1


[Site "https://www.chess.com"]

[Event "Titled Tuesday Blitz October 04 Early 2022"]
[White "Abdisalimov, Abdimalik"]
[Black "Martinez Alcantara, Jose Eduardo"]
[WhiteFideId "14206323"]
[BlackFideId "3805662"]
[WhiteElo "2401"]
[BlackElo "2703"]
[Result "0-1"]
[Round "04"]
[TimeControl "180+1"]
[Date "2022.10.04"]
[WhiteClock "0:00:03"]
[BlackClock "0:00:06"]

1. d4 Nf6 2. c4 e6 3. Nc3 Bb4 4. e3 O-O 5. Bd3 d5 6. Nf3 c5 7. cxd5 cxd4 8. exd4 exd5 9. O-O h6 10. h3 Nc6 11. Bf4 Re8 12. Rc1 a6 13. a3 Bxc3 14. Rxc3 Ne4 15. Rc1 Bf5 16. Qb3 Qd7 17. Rfd1 Rac8 18. Ne5 Nxe5 19. Bxe5 b5 20. Rxc8 Rxc8 21. f3 Ng5 22. Bxf5 Qxf5 23. h4 Ne6 24. Qxd5 Qc2 25. Rf1 Qxb2 26. f4 Rd8 27. Qe4 Nf8 28. d5 Qxa3 29. Rd1 f6 30. Ba1 Qa4 31. Qxa4 bxa4 32. Kf2 Ne6 33. Ke3 Nc5 34. Bb2 Rb8 35. Bd4 Rb3+ 36. Ke2 Ne4 37. Rd3 Rb5 38. Ba1 Rb1 39. Bd4 Kf7 40. Ke3 Re1+ 41. Kf3 f5 42. h5 Rf1+ 43. Ke2 Rb1 44. Kf3 Rb3 45. Ke3 Rxd3+ 46. Kxd3 Ng3 47. Kc4 Nxh5 48. Be5 a3 49. Kb3 Nf6 50. d6 Ke6 51. Kxa3 Ne8 52. Kb4 g6 53. Kc5 Kd7 54. Kd5 a5 55. Bc3 a4 56. Bb4 Nf6+ 57. Ke5 Ng4+ 58. Kd5 Ne3+ 59. Ke5 a3 60. Bxa3 Nxg2 61. Bc1 Nh4 62. Kf6 Kxd6 63. Kg7 h5 64. Kh6 Ng2 65. Kxg6 h4 66. Kxf5 h3 67. Kg4 h2 68. f5 h1=Q 69. Bf4+ Ke7 0-1


[Site "https://www.chess.com"]

[Event "Titled Tuesday Blitz October 04 Early 2022"]
[White "Andreikin, Dmitry"]
[Black "Svane, Frederik"]
[WhiteFideId "4158814"]
[BlackFideId "12923044"]
[WhiteElo "2736"]
[BlackElo "2466"]
[Result "1-0"]
[Round "04"]
[TimeControl "180+1"]
[Date "2022.10.04"]
[WhiteClock "0:00:18"]
[BlackClock "0:00:02"]

1. Nf3 Nf6 2. g3 d5 3. Bg2 g6 4. c4 c6 5. Qa4 Bg7 6. cxd5 Nxd5 7. O-O O-O 8. Rd1 e5 9. Nc3 Nb6 10. Qc2 Bf5 11. d3 Na6 12. Ne4 h6 13. Bd2 Qe7 14. h4 Rac8 15. a4 Nd5 16. a5 Be6 17. Qc1 f5 18. Nc3 Nc5 19. Nxd5 cxd5 20. Bxh6 Nb3 21. Qg5 Qxg5 22. Nxg5 Bxh6 23. Nxe6 Nxa1 24. Nxf8 Kxf8 25. Rxa1 e4 26. dxe4 dxe4 27. e3 Bg7 28. Rd1 Ke7 29. h5 gxh5 30. Rd5 Ke6 31. Rb5 Be5 32. Rxb7 Rc7 33. Rb5 Rc1+ 34. Bf1 Rc2 35. b3 Kf6 36. Rb7 Bc3 37. Rc7 Rc1 38. a6 Bd2 39. Rxa7 Be1 40. Be2 Rc2 41. Kf1 Bb4 42. Rb7 Bd6 43. a7 Rb2 44. Rb6 Ke5 45. a8=Q 1-0


[Site "https://www.chess.com"]

[Event "Titled Tuesday Blitz October 04 Early 2022"]
[White "Bacrot, Etienne"]
[Black "Bilych, Olexiy"]
[WhiteFideId "605506"]
[BlackFideId "14156504"]
[WhiteElo "2666"]
[BlackElo "2320"]
[Result "1-0"]
[Round "04"]
[TimeControl "180+1"]
[Date "2022.10.04"]
[WhiteClock "0:00:09"]
[BlackClock "0:00:06"]

1. e4 e5 2. Nf3 Nc6 3. Bb5 a6 4. Ba4 Nge7 5. O-O Ng6 6. c3 d5 7. exd5 Qxd5 8. Re1 Be7 9. d4 Bg4 10. dxe5 O-O-O 11. Qxd5 Rxd5 12. Nbd2 Ncxe5 13. Bb3 Ra5 14. Nxe5 Rxe5 15. Rxe5 Nxe5 16. h3 Bd7 17. Nf1 Bc5 18. Be3 Bxe3 19. Nxe3 f6 20. Rd1 Rd8 21. Bc2 g6 22. Be4 Bc6 23. Rxd8+ Kxd8 24. Bxc6 bxc6 25. Kf1 Kd7 26. Ke2 Kd6 27. f4 Nd7 28. Nc2 h5 29. b3 Nc5 30. Ke3 f5 31. Nd4 Ne4 32. Ne2 c5 33. c4 a5 34. a3 Ke6 35. Nc1 Nf6 36. Nd3 Nd7 37. Ne1 Nf6 38. Nd3 Nd7 39. Ke2 Kd6 40. Nf2 Nb6 41. Kd3 Nd7 42. Nd1 Nf6 43. Nc3 h4 44. Ke3 c6 45. Ne2 Ne4 46. Ng1 Ke6 47. Nf3 Nc3 48. Nxh4 Nb1 49. a4 Kf6 50. Nf3 Nc3 51. Ne5 Nd1+ 52. Kf3 Nc3 53. Nxc6 Ne4 54. Nxa5 Ke6 55. Ke3 Kd6 56. Nb7+ Kc6 57. Nd8+ Kd7 58. Nf7 Ke6 59. Ng5+ Nxg5 60. fxg5 Ke5 61. a5 1-0


[Site "https://www.chess.com"]